Map: New Repugnancy LE

Players

FOX - Winner!

  • Race: Terran Terran
  • League: Diamond
  • Spawn Location: 1:00

AlexTG

  • Race: Terran Terran
  • League: Master
  • Spawn Location: 7:00

VOD

Have the link to the VOD?

Description

Time

  • Played on: April 9, 2019, 1:55 a.m.
  • Length: 15:24
Show
View Real Time Build Order
Export as new Build Order

FOX Terran - Winner!

Build Orders:  

Get SALT Encoding   

  12  0:00  SCV  
  13  0:12  SCV  
  14  0:17  Supply Depot  
  14  0:25  SCV  
  14  0:28  Refinery  
  15  0:38  SCV  
  16  0:45  Barracks  
  16  0:51  SCV  
  16  0:56  Refinery  
  17  1:03  SCV  
  18  1:15  SCV  
  19  1:31  Orbital Command  
  19  1:32  Reaper  
  20  1:36  Factory  
  20  1:45  Supply Depot  
  20  1:57  SCV  
  21  2:04  Reaper  
  22  2:10  SCV  
  23  2:21  Hellion  
  25  2:23  SCV  
  26  2:31  Command Center  
  26  2:38  Reaper  
  26  2:39  SCV  
  26  2:44  Hellion  
  30  2:52  SCV  
  30  2:55  Starport  
  31  3:10  Supply Depot  
  31  3:26  Engineering Bay  
  31  3:28  Factory Tech Lab, Barracks Tech Lab  
  31  3:31  SCV  
  31  3:32  Supply Depot  
  32  3:42  Orbital Command  
  32  3:43  SCV  
  33  3:50  Cyclone, Raven  
  33  3:54  Barracks Reactor  
  38  3:55  SCV  
  39  4:08  SCV  
  39  4:09  SCV  
  41  4:11  Refinery  
  41  4:20  SCV  
  41  4:22  SCV  
  43  4:32  Raven, SCV  
  43  4:34  SCV, Marine x2  
  49  4:43  Command Center  
  49  4:44  SCV  
  50  4:46  SCV  
  50  4:47  Siege Tank  
  54  4:54  Supply Depot  
  54  4:56  SCV  
  54  4:58  SCV  
  56  5:00  Marine x2  
  56  5:05  Terran Infantry Weapons Level 1  
  58  5:08  SCV  
  58  5:10  SCV  
  60  5:17  Supply Depot  
  60  5:20  SCV  
  61  5:22  SCV  
  61  5:24  Barracks x2  
  61  5:26  Refinery  
  62  5:32  SCV  
  62  5:34  Siege Tank, SCV  
  62  5:35  Stimpack  
  67  5:36  Marine  
  68  5:44  SCV  
  68  5:46  SCV  
  68  5:49  Supply Depot  
  70  5:54  Viking  
  70  5:57  Orbital Command, SCV  
  72  5:58  SCV  
  72  6:04  Marine  
  72  6:06  Siege Tank  
  72  6:09  SCV  
  72  6:10  SCV  
  78  6:21  SCV, Barracks Reactor x2, Supply Depot  
  78  6:23  Viking, SCV  
  78  6:24  Viking  
  84  6:28  SCV  
  85  6:33  SCV, Marine  
  85  6:35  SCV  
  85  6:39  Siege Tank  
  91  6:40  SCV  
  91  6:41  Engineering Bay  
  91  6:43  Refinery  
  91  6:45  Refinery, SCV  
  94  6:47  SCV  
  94  6:54  Supply Depot  
  94  6:55  Supply Depot  
  94  6:56  SCV  
  94  6:57  SCV  
  96  7:01  Marine x4  
  96  7:02  Medivac x2  
  96  7:03  Marine  
  96  7:07  SCV  
  96  7:08  SCV  
  107  7:09  SCV  
  108  7:15  Siege Tank  
  108  7:19  SCV  
  108  7:21  SCV x2  
  108  7:22  Sensor Tower  
  114  7:31  SCV  
  114  7:33  SCV  
  114  7:34  SCV, Marine x3  
  114  7:35  Marine  
  114  7:36  Viking x2  
  125  7:39  Terran Infantry Armor Level 1  
  125  7:41  Armory  
  125  7:49  SCV x2  
  125  7:50  Supply Depot  
  127  7:52  Supply Depot  
  127  7:55  SCV  
  127  7:57  Missile Turret  
  127  7:58  Missile Turret  
  128  8:01  SCV x2  
  130  8:07  Command Center, SCV  
  131  8:15  Marine x5  
  131  8:16  Siege Tank  
  139  8:24  Barracks  
  139  8:25  Barracks  
  139  8:27  SCV x3  
  142  8:34  Marine  
  142  8:35  Marine x4  
  142  8:39  SCV  
  148  8:43  Supply Depot x2  
  148  8:52  Marine  
  148  8:55  Factory, Terran Infantry Weapons Level 2, Marine  
  149  8:56  Terran Vehicle Weapons Level 1  
  149  8:58  Marine x3  
  152  9:07  Siege Tank  
  155  9:10  Marine  
  155  9:13  Marine  
  155  9:15  Barracks Reactor, Marine  
  155  9:16  Viking x2, Barracks Reactor, Marine  
  155  9:17  Combat Shield  
  163  9:22  Planetary Fortress  
  163  9:36  Supply Depot  
  163  9:39  Factory Tech Lab, Marine x4  
  163  9:40  Refinery  
  163  9:41  Bunker  
  163  9:42  Refinery  
  163  9:43  Barracks  
  163  9:45  Terran Infantry Armor Level 2  
  167  9:46  Barracks x2  
  167  9:54  Marine x3  
  167  9:58  Marine x3  
  172  10:01  Marine x2  
  172  10:02  Siege Tank x2, Marine  
  172  10:05  Viking  
  183  10:12  Marine x3  
  183  10:16  Marine x3  
  183  10:19  Marine x3  
  187  10:28  Viking  
  189  10:29  Marine  
  189  10:30  Marine x2  
  189  10:33  Marine  
  189  10:34  Siege Tank, Marine  
  189  10:35  Siege Tank  
  170  10:54  Marine x2  
  170  10:55  Marine x2  
  173  11:02  Marine x3  
  173  11:03  Viking x2, Marine x2  
  179  11:09  Siege Tank  
  172  11:11  Siege Tank  
  172  11:12  Marine x4  
  179  11:20  Marine x3  
  179  11:23  Marine x2  
  184  11:30  Marine x4  
  188  11:33  Viking  
  188  11:38  SCV, Marine x3  
  188  11:39  SCV x2  
  196  11:41  Marine x2  
  196  11:43  Siege Tank  
  197  11:48  Marine x3  
  200  12:08  Barracks x2  
  199  12:09  Barracks x2  
  199  12:11  Terran Infantry Armor Level 3, Terran Infantry Weapons Level 3  
  199  12:18  Command Center  
  160  12:40  Marine x5  
  160  12:45  Marine x3  
  160  12:46  Siege Tank, Marine  
  144  12:57  Siege Tank  
  144  12:58  Viking x2, Marine x4  
  153  13:00  Barracks Reactor  
  153  13:01  Barracks Reactor  
  153  13:02  Barracks Reactor x2  
  153  13:04  Marine x5  
  155  13:15  Marine  
  155  13:18  Siege Tank  
  159  13:21  Marine x3  
  159  13:22  Marine x5  
  159  13:23  Barracks Reactor x2  
  159  13:24  Barracks Reactor  
  167  13:27  Medivac, SCV  
  167  13:28  Medivac, SCV x3  
  167  13:29  Siege Tank, Planetary Fortress  
  167  13:32  Refinery  
  167  13:33  Marine  
  179  13:34  Refinery  
  179  13:36  Marine x2  
  179  13:37  Marine  
  179  13:39  Marine x3  
  179  13:40  SCV, Marine  
  187  13:44  Marine x4  
  187  13:46  Marine  
  187  13:47  Marine x3  
  195  13:50  Siege Tank, Marine  
  195  13:51  Marine  
  200  14:04  Marine x2  
  200  14:06  Marine x3  
  200  14:09  Marine x4  
  199  14:10  Marine x2  
  199  14:12  Marine x2  
  198  14:26  Marine x2  
  198  14:31  Marine x3  
  197  14:33  Marine  
  197  14:34  Marine x2  
  200  14:52  Marine x4  
  198  14:53  Marine x2  
  198  14:56  Marine x4  
  198  14:58  Marine x3  
  194  15:01  Marine  
  194  15:02  Marine x4  
  194  15:03  Marine  
Show
View Real Time Build Order
Export as new Build Order

AlexTG Terran 

Build Orders:  

Get SALT Encoding   

  12  0:01  SCV  
  13  0:13  SCV  
  14  0:17  Supply Depot  
  14  0:25  SCV  
  15  0:28  Refinery  
  15  0:39  SCV  
  16  0:45  Barracks  
  16  0:51  SCV  
  16  0:55  Refinery  
  17  1:03  SCV  
  18  1:15  SCV  
  19  1:31  Orbital Command  
  19  1:32  Reaper  
  20  1:37  Factory  
  20  1:46  Supply Depot  
  20  1:56  SCV  
  21  2:04  Reaper  
  22  2:09  SCV  
  23  2:20  Hellion  
  25  2:28  Command Center  
  25  2:31  SCV  
  25  2:36  Supply Depot  
  26  2:41  Reaper  
  27  2:45  Hellion  
  27  2:47  SCV  
  30  2:55  Starport  
  30  2:59  SCV  
  31  3:08  Factory Tech Lab  
  31  3:11  SCV  
  32  3:18  Barracks Tech Lab  
  32  3:23  SCV  
  33  3:27  Cyclone  
  33  3:31  Refinery  
  36  3:35  SCV  
  37  3:41  Orbital Command  
  37  3:46  Raven  
  39  3:48  SCV  
  39  3:50  Barracks Reactor  
  40  4:00  SCV  
  40  4:01  Cyclone  
  44  4:08  SCV  
  45  4:11  Supply Depot  
  45  4:12  SCV  
  46  4:20  SCV  
  47  4:25  SCV  
  47  4:26  Marine x2  
  47  4:29  Raven  
  52  4:32  Command Center  
  52  4:37  SCV x2  
  54  4:41  Siege Tank  
  54  4:45  Marine, Supply Depot  
  57  4:48  Marine  
  59  4:58  SCV  
  59  4:59  SCV  
  63  5:08  Supply Depot  
  63  5:11  SCV x2  
  63  5:16  Siege Tank  
  66  5:22  Viking, Stimpack  
  66  5:23  SCV x2  
  70  5:28  Supply Depot  
  70  5:29  Viking  
  70  5:31  Supply Depot  
  72  5:37  Barracks  
  72  5:39  Barracks, Marine  
  72  5:42  SCV x2  
  75  5:47  Orbital Command  
  75  5:50  Siege Tank  
  75  5:55  Viking  
  80  5:58  SCV x2  
  80  6:02  Viking  
  80  6:03  Marine  
  85  6:07  Refinery  
  85  6:11  SCV x2  
  87  6:16  Orbital Command  
  87  6:23  SCV x2  
  89  6:38  Barracks Reactor  
  89  6:39  Viking x2, Barracks Reactor  
  93  6:40  SCV x2  
  93  6:43  Marine  
  93  6:44  Siege Tank  
  99  6:51  SCV  
  99  6:52  SCV  
  101  6:54  Supply Depot  
  101  6:55  Supply Depot  
  101  6:57  Engineering Bay  
  101  6:59  Refinery  
  101  7:00  SCV  
  101  7:01  Refinery  
  97  7:02  Engineering Bay  
  97  7:03  SCV  
  97  7:04  SCV  
  99  7:08  Marine  
  99  7:12  SCV  
  99  7:15  SCV  
  102  7:16  Siege Tank, Marine x3  
  102  7:17  Medivac x2, Barracks  
  102  7:19  Barracks  
  102  7:21  SCV  
  113  7:24  SCV  
  113  7:27  Marine x2  
  113  7:28  Combat Shield  
  116  7:30  SCV  
  116  7:33  SCV  
  116  7:36  SCV, Marine x3  
  122  7:39  Supply Depot  
  122  7:42  SCV  
  122  7:44  Terran Infantry Weapons Level 1  
  123  7:45  Terran Infantry Armor Level 1, SCV  
  123  7:46  Marine  
  125  7:55  Sensor Tower  
  125  8:00  Siege Tank, SCV, Marine x4  
  125  8:02  Sensor Tower, Supply Depot x2  
  133  8:13  Missile Turret  
  133  8:14  Barracks Reactor  
  133  8:15  Barracks Reactor  
  133  8:16  Missile Turret  
  133  8:18  Missile Turret  
  133  8:21  Armory, Supply Depot  
  133  8:23  Supply Depot  
  133  8:24  Medivac, SCV x2, Marine  
  133  8:26  Marine x3  
  140  8:28  Marine, Supply Depot  
  142  8:38  Siege Tank  
  142  8:40  SCV x3  
  148  8:42  Marine  
  148  8:44  Marine  
  148  8:47  Marine x3  
  152  8:54  Marine x2  
  152  8:55  Command Center, Marine  
  154  9:02  Missile Turret  
  155  9:03  Marine  
  155  9:06  Missile Turret  
  155  9:10  Missile Turret  
  155  9:11  Terran Vehicle Weapons Level 1  
  155  9:12  Marine x5  
  155  9:13  Marine  
  155  9:14  Marine  
  155  9:15  Marine  
  163  9:25  Marine  
  163  9:26  Siege Tank  
  163  9:30  Marine  
  168  9:34  Factory  
  168  9:37  Marine  
  169  9:38  Marine  
  169  9:39  Marine  
  169  9:40  Barracks  
  169  9:42  Starport  
  169  9:43  Marine x2  
  169  9:44  Barracks, Marine x2  
  175  9:50  Marine x2  
  177  9:57  Marine x2  
  179  10:01  Command Center  
  179  10:04  Marine x4  
  179  10:05  Marine  
  179  10:07  Siege Tank, Marine  
  188  10:19  Marine x3  
  191  10:22  Marine x2  
  193  10:29  Marine x4  
  196  10:37  Marine x3  
  196  10:39  Marine  
  196  10:40  Marine  
  200  10:46  Marine  
  200  10:47  Marine  
  200  10:48  Marine x2  
  200  10:49  Siege Tank  
  158  10:53  Medivac x2  
  158  10:55  Barracks Reactor x2, Marine x3  
  156  10:57  Marine x2  
  156  10:59  Factory Tech Lab  
  156  11:00  Starport Tech Lab  
  152  11:04  Marine x2  
  152  11:06  Marine x2  
  151  11:13  Marine x3  
  151  11:15  Marine x2  
  153  11:21  Planetary Fortress  
  153  11:22  Marine x2  
  153  11:24  Marine x2  
  157  11:25  Viking x2, Raven  
  157  11:30  Marine  
  157  11:31  Marine x2  
  157  11:32  Marine x4  
  167  11:33  Marine x2  
  167  11:35  Refinery x2  
  166  11:40  Marine x2  
  166  11:41  Marine  
  166  11:42  Marine  
  166  11:43  Siege Tank x2  
  176  11:48  Marine  
  176  11:49  Terran Infantry Armor Level 2, Terran Infantry Weapons Level 2  
  176  11:52  Marine  
  176  11:53  Marine x2  
  180  11:56  Planetary Fortress  
  180  12:02  Marine x3  
  180  12:03  Sensor Tower  
  180  12:04  SCV x2  
  185  12:09  Marine x5  
  185  12:15  Siege Tank  
  193  12:16  Marine x4  
  193  12:17  Marine  
  194  12:33  Marine  
  194  12:34  Marine x11  
  194  12:35  Marine  
  146  12:38  Siege Tank, Viking  
  123  12:51  Marine x7  
  123  12:52  Marine x5  
  123  12:53  Siege Tank, Marine  
  138  13:06  Terran Vehicle Weapons Level 2, Factory  
  138  13:07  Viking  
  138  13:09  Raven, Factory, Marine  
  138  13:10  Corvid Reactor  
  143  13:14  Marine x3  
  143  13:15  Marine  
  147  13:21  Siege Tank  
  147  13:22  Sensor Tower  
  150  13:30  Marine x2  
  150  13:31  Marine x7  
  159  13:36  SCV x5  
  159  13:37  Marine  
  159  13:38  Marine  
  166  13:45  Siege Tank  
  169  13:52  Raven  
  169  13:53  Siege Tank  
  174  13:56  Factory Tech Lab  
  174  13:57  Factory Tech Lab, Viking x2  
  174  13:58  Marine x5  
  174  13:59  Marine  
  154  14:15  Marine x7  
  154  14:16  Marine x3  
  154  14:17  Siege Tank x2  
  155  14:25  Siege Tank  
  155  14:28  Marine x3  
  160  14:32  Marine  
  160  14:33  Marine x5  
  165  14:38  Marine x2  
  165  14:39  Siege Tank, Marine x2  
  170  14:46  Marine x2  
  170  14:49  Siege Tank  
  170  14:50  Marine  
  170  14:51  Marine x5  
  170  14:52  Marine  
  167  14:56  Marine x3  
  155  15:04  Marine x2  
Tags
 
Add a new tag
Caveats
  • Supply blocks, unpowered buildings, or Contaminate may cause inaccurate times.
  • Supply counts are checked every 10 seconds.